 Dungeon Crawl Stone Soup version 0.27-a0-277-g024f7ef292 (webtiles) character file.

Game seed: 14541069684657504997

0 Borgoz the Skirmisher (level 1, 0/21 HPs)
             Began as a Gargoyle Berserker on Feb 6, 2021.
             Was a Follower of Trog.
             Slain by a gnoll
             ... wielding a +0 spear
              (5 damage)
             ... on level 1 of the Dungeon.
             The game lasted 00:00:09 (59 turns).

Borgoz the Skirmisher (Gargoyle Berserker)            Turns: 59, Time: 00:00:09

Health: 0/21       AC:  4    Str: 20    XL:     1   Next: 10%
Magic:  1/1        EV: 12    Int:  7    God:    Trog [*.....]
Gold:   19         SH:  0    Dex:  9    Spells: 0/0 levels left

rFire    . . .     SeeInvis .   a - +0 mace
rCold    . . .     Faith    .   (no shield)
rNeg     + . .     Spirit   .   b - +0 animal skin
rPois    ∞         Reflect  .   (no helmet)
rElec    +         Harm     .   (no cloak)
rCorr    .         Rampage  .   (no gloves)
Will     .....                  (no boots)
Stlth    ..........             (no amulet)
HPRegen  0.07/turn              (no ring)
MPRegen  0.07/turn              (no ring)

@: berserking, very quick
A: negative energy resistance 1, electricity resistance, unbreathing,
petrification resistance, miasma immunity, AC +2
a: Renounce Religion, Berserk


You were on level 1 of the Dungeon.
You worshipped Trog.
Trog was aware of your devotion.
You visited 1 branch of the dungeon, and saw 1 of its levels.

You collected 19 gold pieces.

Inventory:

Hand Weapons
 a - a +0 mace (weapon)
Armour
 b - a +0 animal skin (worn)
 d - a cursed +0 ring mail
Scrolls
 c - 2 scrolls of identify {unknown}


   Skills:
 + Level 3.3 Fighting
 + Level 3.0 Maces & Flails
 + Level 2.2 Armour
 + Level 1.5 Dodging


You couldn't memorise any spells.
You didn't know any spells.
Your spell library was empty.

Dungeon Overview and Level Annotations

Branches:
Dungeon (1/15)

Altars:


Innate Abilities, Weirdness & Mutations

You are resistant to torment.
Your stone body is resilient. (AC +2)
You are immune to poison.
You resist negative energy. (rN+)
You are resistant to electric shocks. (rElec)
You can survive without breathing.
You are immune to petrification.
You are immune to miasma.


Message History

A red film seems to cover your vision as you go berserk!
You feel yourself moving faster!
You feel mighty!
A bat comes into view.
The gnoll hits you but does no damage. The ooze hits you but does no damage.
You hit the gnoll.
The gnoll is moderately wounded.
The gnoll hits you with a +0 spear. The ooze closely misses you.
You hit the gnoll.
The gnoll is heavily wounded.
You barely miss the gnoll.
The gnoll is heavily wounded.
The gnoll hits you with a +0 spear.
* * * LOW HITPOINT WARNING * * *
The rat closely misses you. The ooze misses you.
The bat hits you but does no damage.
You hit the gnoll.
The gnoll is almost dead.
The bat barely misses you. The bat hits you but does no damage.
The gnoll hits you with a +0 spear.
You die...

#############
#...........#
##....J......#
#.....@b..=..+
#.....rg...?.#
#............+
#............#
#.#+#.........
#.# #.#.#.####
#.# #.#.#.#
#.# #.#.#.#
#.# .#.#


You could see a gnoll, an ooze, a bat and a rat.

Vanquished Creatures
  A bat (D:1)
1 creature vanquished.

Notes
Turn   | Place    | Note
-------+----------+-------------------------------------------
     0 | D:1      | Borgoz the Gargoyle Berserker began the quest for the Orb.
     0 | D:1      | Reached XP level 1. HP: 14/14 MP: 1/1
    59 | D:1      | Slain by a gnoll

Illustrated notes

Levels and vault maps discovered:
D:1:      lemuel_arrival_river_bridge, layout_basic

Action                   || total
-------------------------++-------
Melee: Mace              ||     5
Invok: Berserk           ||     1
Armor: Animal skin       ||     5
Dodge: Dodged            ||     4

Table legend: (Time is in decaauts)
 A = Elapsed time spent in this place.
 B = Non-inter-level travel time spent in this place.
 C = Inter-level travel time spent in this place.
 D = Time resting spent in this place.
 E = Time spent auto-exploring this place.
 F = Levels seen in this place.
 G = Mean time per level.
                   A        B        C        D        E       F      G
               +--------+--------+--------+--------+--------+-----+--------+
         Total |     58 |     58 |      0 |      0 |     40 |   1 |   58.0 |
       Dungeon |     58 |     58 |      0 |      0 |     40 |   1 |   58.0 |
               +--------+--------+--------+--------+--------+-----+--------+

Top non-repeatable levels by time:
     D:1: 58 daAuts
